 Dungeon Crawl Stone Soup version 0.30-a0-140-gd1020e658a (webtiles) character file.

Game seed: 9683664841731784763

74 NinjaNoafa the Changer (level 4, -8/32 HPs)
             Began as a Merfolk Transmuter on Sept 24, 2022.
             Killed by divine providence
             ... invoked by an orc priest
              (15 damage)
             ... on level 2 of the Dungeon.
             The game lasted 00:05:11 (1625 turns).

NinjaNoafa the Changer (Merfolk Transmuter)         Turns: 1625, Time: 00:05:12

Health: -8/32      AC:  4    Str: 10    XL:     4   Next: 30%
Magic:  7/7        EV: 12    Int: 14    God:
Gold:   31         SH:  0    Dex: 14    Spells: 6/7 levels left

rFire   . . .      SeeInvis .      - Unarmed
rCold   . . .      Faith    .    (no shield)
rNeg    . . .      Spirit   .    a - +0 robe
rPois   +          Reflect  .    i - +1 hat
rElec   .          Harm     .    (no cloak)
rCorr   .          Rampage  .    (no gloves)
Will    .....                    l - +0 pair of boots
Stlth   +.........               (no amulet)
HPRegen 0.10/turn                g - ring of poison resistance
MPRegen 0.10/turn                (no ring)

@: brilliant
A: (nimble swimmer 2), mertail
a: no special abilities


You were on level 2 of the Dungeon.
You visited 1 branch of the dungeon, and saw 2 of its levels.

You collected 31 gold pieces.

Inventory:

Missiles
 c - 19 stones
Armour
 a - a +0 robe (worn)
 i - a +1 hat (worn)
 l - a +0 pair of boots (worn)
Jewellery
 g - a ring of poison resistance (left hand)
Scrolls
 h - a scroll of noise


   Skills:
 - Level 1.1 Fighting
 - Level 2.6 Dodging
 - Level 3.2 Unarmed Combat
 - Level 2.0 Spellcasting
 + Level 5.9 Transmutations


You had 6 spell levels left.
You knew the following spells:

 Your Spells              Type           Power      Damage    Failure   Level
a - Beastly Appendage     Tmut           54%        N/A       1%          1

Your spell library contained the following spells:

 Spells                   Type           Power      Damage    Failure   Level
 Wereblood                Tmut           27%        N/A       3%          2
 Spider Form              Tmut/Pois      14%        N/A       22%         3
 Slow                     Hex            8%         N/A       24%         1
 Confusing Touch          Hex            2%         N/A       56%         3
 Vampiric Draining        Necr           2%         2d6       56%         3
 Ice Form                 Ice/Tmut       14%        N/A       56%         4


Dungeon Overview and Level Annotations

Branches:
Dungeon (2/15)

Altars:

Annotations:
D:2 Jessica


Innate Abilities, Weirdness & Mutations

((You are very nimble when in or above water. (Stealth+, EV+, Speed+++)))
Your lower body shifts to a powerful aquatic tail in water.


Message History

Found 13 gold pieces.
Jessica shouts!
As you read the scroll of teleportation, it crumbles to dust.
You feel strangely unstable.
Your transformation is almost over.
Jessica drinks a potion.
Jessica seems to grow stronger.
The frilled lizard hisses angrily.
Your surroundings suddenly seem different.
Your horns disappear.
Your +1 hat unmelds from your body.
Your +0 pair of boots unmelds from your body.
The orc priest shouts!
An orc priest is nearby!
It was a potion of brilliance.
You feel clever all of a sudden.
Found 6 gold pieces.
Blink to where?
Press: ? - help, Dir - move target
As you read the scroll labelled ZEYNUOTUDA, it crumbles to dust.
It was a scroll of blinking.
As you read the scroll labelled TUCIAJI TALLOD, it crumbles to dust.
It is a scroll of identify.
h - a scroll of noise
As you read the scroll of identify, it crumbles to dust.
k - a scroll of summoning
As you read the scroll of summoning, it crumbles to dust.
Wisps of shadow whirl around you... What are your orders? t - Shout!
Orders for allies: a - Attack new target. r - Retreat! s - Stop attacking. g - Guard the area. f - Follow me.
Anything else - Cancel.
Gang up on whom?
Press: ? - help, Dir - move target, f - orc priest
Aim: an orc priest, wielding a +0 short sword (ally target) Attack!
The orc priest mumbles some strange prayers to Beogh against you.
Beogh smites you!
You die...

.......#
...............+........
...#####
..........o....#........
...
...............+........
...............#........
........##########.#+###
.......o# .# .......w#
........# $....g.@#
#########


You could see an orc priest (ally target), a friendly worm (summoned, wandering)
and a friendly hobgoblin (summoned).

Vanquished Creatures
  Terence (D:2)
  An adder (D:2)
  A dart slug (D:1)
  4 bats
  5 endoplasms
  A giant cockroach (D:2)
  2 goblins (D:1)
  5 hobgoblins
  4 kobolds
  4 quokkas
  2 frilled lizards (D:1)
  3 rats
33 creatures vanquished.

Notes
Turn   | Place    | Note
-------+----------+-------------------------------------------
     0 | D:1      | NinjaNoafa the Merfolk Transmuter began the quest for the
                  | Orb.
     0 | D:1      | Reached XP level 1. HP: 15/15 MP: 3/3
    63 | D:1      | Reached skill level 3 in Transmutations
   204 | D:1      | Reached XP level 2. HP: 12/21 MP: 3/5
   335 | D:1      | Reached skill level 4 in Transmutations
   550 | D:1      | Found a faded altar of an unknown god.
   954 | D:1      | Reached XP level 3. HP: 25/26 MP: 6/6
  1267 | D:2      | Noticed Terence
  1284 | D:2      | Killed Terence
  1285 | D:2      | Reached skill level 5 in Transmutations
  1285 | D:2      | Reached XP level 4. HP: 21/32 MP: 7/7
  1598 | D:2      | Noticed Jessica
  1625 | D:2      | Killed from afar by an orc priest

Illustrated notes

Levels and vault maps discovered:
D:1:      minmay_arrival_jagged, layout_loops_ring,
          shapermc_ecumenical_altar_mp_highgroup
D:2:      layout_basic, uniq_jessica, uniq_terence

Skill      XL: |  1  2  3 |
---------------+----------+-----
Transmutations | 3 4 5 |  5.9
Fighting       | |  1.1
Dodging        | |  2.6
Unarmed Combat | |  3.2
Spellcasting   | |  2.0

Action                   |  1- 3 |  4- 6 || total
-------------------------+-------+-------++-------
Melee: Unarmed           |    75 |    17 ||    92
       Headbutt          |    12 |     5 ||    17
 Cast: Beastly Appendage |    18 |     4 ||    22
  Use: Potion            |     5 |     1 ||     6
       Scroll            |       |     6 ||     6
 Stab: Sleeping          |     2 |       ||     2
Armor: Robe              |    15 |     7 ||    22
       Skin              |    17 |     2 ||    19
Dodge: Dodged            |    62 |    25 ||    87

Table legend: (Time is in decaauts)
 A = Elapsed time spent in this place.
 B = Non-inter-level travel time spent in this place.
 C = Inter-level travel time spent in this place.
 D = Time resting spent in this place.
 E = Time spent auto-exploring this place.
 F = Levels seen in this place.
 G = Mean time per level.
                   A        B        C        D        E       F      G
               +--------+--------+--------+--------+--------+-----+--------+
         Total |   1618 |   1562 |     56 |     11 |   1211 |   2 |  809.0 |
       Dungeon |   1618 |   1562 |     56 |     11 |   1211 |   2 |  809.0 |
               +--------+--------+--------+--------+--------+-----+--------+

Top non-repeatable levels by time:
     D:1: 1158 daAuts
     D:2: 460 daAuts
